cohdb
Replays
Latest Replays
All Replays
Popular Replays
Top Player Replays
Match Explorer
How It Works
Community
CoH3 Stats
Reddit
Sign in to upload your games and track your stats! →
Sign in with Steam
Match 44877751
Unlisted
Match 44877751
Overview
Messages
Build Orders
End
Kradschützen Motorcycle Team
250 Light Carrier
Selects Italian Infantry
Panzergrenadier Squad
Construct Light Support Kompanie
MG34 Team
Fire Support Elements
Panzergrenadier Squad
Panzerjäger Mechanized Group
Flakvierling Half-track
2.5-tonne Medical Truck
Selects Guastatori Squad
Selects L6/40 Light Tank Combat Group
Guastatori Squad
Guastatori Squad
Panzerjäger Mechanized Group
Selects Towed Cannone da 105/28 Field Howitzer
Selects Sound the Alarm
Sound the Alarm
Construct Panzerarmee Kommand
Flak 36 Anti-tank Gun Team
Assault Mechanized Group
Selects Territory Booby Traps
Selects Obice 305mm Barrage
Obice 305mm Barrage
Pak 38 Mechanized Group
Obice 305mm Barrage
Didier617
SimonSick
Denis
Genki
0
0
Comments
sign in to comment!
No comments posted yet!